 Dungeon Crawl Stone Soup version 0.27.0-1-g7a08968 (webtiles) character file.

Game seed: 16149127883348384181

7 NeededCrab the Covered (level 2, -1/23 HPs)
             Began as a Gnoll Wanderer on Oct 14, 2021.
             Slain by a gnoll (5 damage)
             ... on level 1 of the Dungeon.
             The game lasted 00:00:44 (266 turns).

NeededCrab the Covered (Gnoll Wanderer)              Turns: 266, Time: 00:00:44

Health: -1/23      AC:  5    Str: 11    XL:     2   Next: 4%
Magic:  2/2        EV: 11    Int: 13    God:
Gold:   26         SH:  0    Dex:  9    Spells: 1/1 levels left

rFire    . . .     SeeInvis .   a - +0 spear
rCold    . . .     Faith    .   (no shield)
rNeg     . . .     Spirit   .   b - +2 leather armour
rPois    .         Reflect  .   (no helmet)
rElec    .         Harm     .   (no cloak)
rCorr    .         Rampage  .   (no gloves)
Will     .....                  (no boots)
Stlth    +.........             (no amulet)
HPRegen  0.07/turn              (no ring)
MPRegen  0.08/turn              (no ring)

@: no status effects
A: fangs 1, strong nose, distributed training
a: no special abilities


You were on level 1 of the Dungeon.
You visited 1 branch of the dungeon, and saw 1 of its levels.

You collected 26 gold pieces.

Inventory:

Hand Weapons
 a - a +0 spear (weapon)
Armour
 b - a +2 leather armour (worn)
Potions
 c - a potion of lignification
 d - a potion of curing {unknown}


   Skills:
 + Level 2.4 Fighting
 + Level 0.2 Short Blades
 + Level 0.2 Long Blades
 + Level 0.2 Axes
 + Level 0.2 Maces & Flails
 + Level 4.4 Polearms
 + Level 0.2 Staves
 + Level 0.2 Slings
 + Level 0.2 Bows
 + Level 0.2 Crossbows
 + Level 0.2 Throwing
 + Level 6.4 Armour
 + Level 2.4 Dodging
 + Level 2.2 Stealth
 + Level 2.4 Shields
 + Level 0.2 Unarmed Combat
 + Level 0.2 Spellcasting
 + Level 0.1 Conjurations
 + Level 0.1 Hexes
 + Level 0.1 Summonings
 + Level 0.1 Necromancy
 + Level 0.1 Translocations
 + Level 0.1 Transmutations
 + Level 0.1 Fire Magic
 + Level 0.1 Ice Magic
 + Level 0.1 Air Magic
 + Level 0.1 Earth Magic
 + Level 0.1 Poison Magic
 + Level 0.3 Invocations
 + Level 2.4 Evocations


You had one spell level left.
You didn't know any spells.
Your spell library was empty.

Dungeon Overview and Level Annotations

Branches:
Dungeon (1/15)

Altars:


Innate Abilities, Weirdness & Mutations

You have very sharp teeth.
Your uncanny sense of smell can sniff out nearby items.
Your experience applies equally to all skills.


Message History

You see here a jackal corpse.
The hobgoblin blocks your attack. The hobgoblin barely misses you.
You hit the hobgoblin but do no damage. The gnoll hits you but does no damage.
The hobgoblin closely misses you. The hobgoblin blocks your attack.
Your bite misses the hobgoblin.
The gnoll hits you from afar with a +0 spear!
The hobgoblin blocks your attack. The hobgoblin closely misses you.
The gnoll barely misses you.
You hit the hobgoblin.
The hobgoblin is moderately wounded.
The hobgoblin hits you. The gnoll hits you but does no damage.
You hit the hobgoblin but do no damage.
The hobgoblin is moderately wounded.
The hobgoblin closely misses you.
You barely miss the hobgoblin.
The hobgoblin is moderately wounded.
The gnoll hits you from afar with a +0 spear.
The hobgoblin closely misses you. The hobgoblin misses you.
The gnoll closely misses you. The hobgoblin blocks your attack.
The gnoll barely misses you. The hobgoblin completely misses you.
The hobgoblin blocks your attack. The hobgoblin hits you.
The gnoll hits you from afar with a +0 spear.
* * * LOW HITPOINT WARNING * * *
The hobgoblin blocks your attack.
You hit the hobgoblin.
The hobgoblin is heavily wounded.
The gnoll misses you. The hobgoblin hits you.
* * * LOW HITPOINT WARNING * * *
The hobgoblin blocks your attack.
The hobgoblin is heavily wounded.
The gnoll closely misses you. The hobgoblin barely misses you.
The hobgoblin blocks your attack.
The hobgoblin is heavily wounded.
The gnoll misses you. The hobgoblin completely misses you.
The hobgoblin blocks your attack.
The hobgoblin is heavily wounded.
The hobgoblin hits you but does no damage.
The gnoll hits you from afar with a +0 spear.
You die...

########
#########......###
#.................
#)#######......###
#.# #......### #.#
#......#.. #.#
#......#.# #@#
#......#^. #g#
########.# ######g##
# #.....g.# ########
#.......# #......# ∆
#.......####......#
#.........##......#
####......##......###
#..>..............


You could see a gnoll and 2 hobgoblins.

Vanquished Creatures
  An endoplasm (D:1)
  2 goblins (D:1)
  A jackal (D:1)
  A frilled lizard (D:1)
  3 rats (D:1)
8 creatures vanquished.

Notes
Turn   | Place    | Note
-------+----------+-------------------------------------------
     0 | D:1      | NeededCrab the Gnoll Wanderer began the quest for the Orb.
     0 | D:1      | NeededCrab set off with the following items: a +0 spear, a
                  | +2 leather armour, a potion of lignification
     0 | D:1      | Reached XP level 1. HP: 17/17 MP: 1/1
   225 | D:1      | Reached XP level 2. HP: 23/23 MP: 2/2
   266 | D:1      | Slain by a gnoll

Illustrated notes

Levels and vault maps discovered:
D:1:      onia_arrival_handbag, layout_basic, basic_ecumenical_altar,
          minmay_pentomino_z4

Action                   || total
-------------------------++-------
Melee: Spear             ||    42
       Bite              ||     2
Armor: Leather armour    ||    10
Dodge: Dodged            ||    21
